 Dungeon Crawl Stone Soup version 0.29.1-4-g47bece8355 (webtiles) character file.

Game seed: 5713387985441786949

456 safid the Shooter (level 6, -4/58 HPs)
             Began as a Minotaur Hunter on Dec 1, 2022.
             Was an Initiate of Okawaru.
             Slain by a wyvern (7 damage)
             ... on level 4 of the Dungeon.
             The game lasted 00:06:01 (4121 turns).

safid the Shooter (Minotaur Hunter)                 Turns: 4121, Time: 00:06:02

Health: -4/58      AC:  6    Str: 16    XL:     6   Next: 77%
Magic:  5/5        EV: 10    Int:  6    God:    Okawaru [......]
Gold:   169        SH:  5    Dex: 21    Spells: 5/5 levels left

rFire   . . .      SeeInvis .   a - +0 shortbow
rCold   . . .      Faith    .   (shield currently unavailable)
rNeg    . . .      Spirit   .   d - +0 scale mail
rPois   .          Reflect  +   (helmet restricted)
rElec   .          Harm     .   (no cloak)
rCorr   .          Rampage  .   (no gloves)
Will    .....                   (no boots)
Stlth   +.........              p - amulet of reflection
HPRegen 0.19/turn               r - +6 ring of dexterity
MPRegen 0.09/turn               (no ring)

@: no status effects
A: horns 2, retaliatory headbutt
a: Renounce Religion


You were on level 4 of the Dungeon.
You worshipped Okawaru.
Okawaru was noncommittal.
You visited 2 branches of the dungeon, and saw 5 of its levels.
You also visited: Sewer.

You collected 169 gold pieces.

Inventory:

Hand Weapons
 a - a +0 shortbow (weapon)
Armour
 d - a +0 scale mail (worn)
Jewellery
 p - an amulet of reflection (around neck)
 r - a +6 ring of dexterity (left hand)
Wands
 x - a wand of flame (22)
Scrolls
 b - 3 scrolls of acquirement {unknown}
 e - a scroll of magic mapping {unknown}
 f - a scroll of enchant weapon {unknown}
 g - 2 scrolls of blinking {unknown}
 h - 3 scrolls of vulnerability {unknown}
 k - a scroll of silence {unknown}
 l - 4 scrolls of identify {unknown}
 n - a scroll of amnesia {unknown}
 q - 2 scrolls of butterflies {unknown}
 s - 3 scrolls of teleportation {unknown}
 t - a scroll of summoning {unknown}
 u - 2 scrolls of brand weapon {unknown}
 y - a scroll of enchant armour {unknown}
Potions
 c - 4 potions of heal wounds {unknown}
 i - 2 potions of brilliance {unknown}
 j - a potion of mutation {unknown}
 m - 3 potions of curing
 o - 2 potions of flight {unknown}
 v - a potion of might {unknown}
 w - a potion of invisibility {unknown}
 z - a potion of degeneration {unknown}


   Skills:
 + Level 6.4 Fighting
 + Level 7.1 Ranged Weapons
 - Level 2.1 Dodging
 - Level 0.7 Stealth


You had 5 spell levels left.
You didn't know any spells.
Your spell library contained the following spells:

 Spells                   Type           Power      Damage    Failure   Level
 Magic Dart               Conj           0%         1d3       88%         1
 Static Discharge         Conj/Air       0%         3-3/arc   96%         2
 Mephitic Cloud           Conj/Pois/Air  0%         N/A       99%         3
 Portal Projectile        Hex/Tloc       0%         N/A       99%         3
 Leda's Liquefaction      Hex/Erth       0%         N/A       100%        4
 Lightning Bolt           Conj/Air       0%         1d11      100%        5
 Maxwell's Capacitive Co  Air            0%         ∞         100%        8
 Call Imp                 Summ           Unusable   N/A       N/A         2
 Call Canine Familiar     Summ           Unusable   N/A       N/A         3

Dungeon Overview and Level Annotations

Branches:
Dungeon (4/15)             Temple (1/1) D:4           Sewer (visited)

Altars:
Ashenzari
Dithmenos
Fedhas
Hepliaklqana
Kikubaaqudgha
Okawaru
Qazlal
Trog
Vehumet
Wu Jian
Xom
Yredelemnul
Zin


Innate Abilities, Weirdness & Mutations

You have a pair of horns on your head.
You reflexively headbutt those who attack you in melee.


Message History

Something hits you but does no damage. Something hits you.
You shoot an arrow. Okawaru accepts your kill.
Reactivating autopickup.
You feel a bit more experienced. The wyvern closely misses you.
You furiously retaliate!
You headbutt the wyvern! You shoot an arrow.
The arrow hits the wyvern but does no damage.
The wyvern is severely wounded.
The wyvern bites you! x2
* * * LOW HITPOINT WARNING * * *
You are too injured to fight recklessly!
You are too injured to fight recklessly!
You are too injured to fight recklessly!
You are too injured to fight recklessly!
You are too injured to fight recklessly!
You are too injured to fight recklessly!
You are too injured to fight recklessly!
Unknown command.
Fire: a) +0 shortbow
Press: ? - help, Q - select action, (/) - cycle Shift-Dir - straight line, f/p - wyvern
Aim: a wyvern (severely wounded, 68% to hit)
You shoot an arrow.
The arrow hits the wyvern but does no damage.
The wyvern is severely wounded.
You block the wyvern's attack. The wyvern closely misses you.
Fire: a) +0 shortbow
Press: ? - help, Q - select action, (/) - cycle Shift-Dir - straight line, f/p - wyvern
Aim: a wyvern (severely wounded, 68% to hit)
You shoot an arrow.
The arrow hits the wyvern but does no damage.
The wyvern is severely wounded.
The wyvern bites you!
* * * LOW HITPOINT WARNING * * *
The wyvern bites you but does no damage.
Unknown command.
It was a potion of curing.
You feel better. The wyvern bites you!
* * * LOW HITPOINT WARNING * * *
The wyvern bites you!
You die...

.####...##...>........#..##..#...
.#.........##.........#.#..))÷...
###........#..#.......#).....#.##
##.......########.....)#.........
.#.......#. #..#......##........
##...#####. #..##...............
#....###)(# #.#.......##......
.....#.#lg# #l#.......####....
......####### #@#.....#.#.#....#
#.....##....####.#....##......##.
#..<..#.####....##...............
......#.# ###########........###
......#.# #..†....###...........
.).####.####..#.88.##...###.#....
.....###.[..###.88.#....##..###..
..#...#########....#.....#.......
..##.......##.#'####.............


You could see a wyvern.

Vanquished Creatures
  A kobold brigand (Sewer)
  A scorpion (D:4)
  3 hounds (D:4)
  An iguana (D:4)
  An orc wizard (D:4)
  5 river rats
  6 adders
  2 worms
  4 orcs
  2 endoplasms
  5 giant cockroaches
  5 goblins
  9 hobgoblins
  5 jackals
  4 quokkas
  11 ball pythons
  4 bats
  4 frilled lizards
  13 kobolds
  9 rats
95 creatures vanquished.

Vanquished Creatures (others)
  4 plants (Sewer)
4 creatures vanquished.

Grand Total: 99 creatures vanquished

Notes
Turn   | Place    | Note
-------+----------+-------------------------------------------
     0 | D:1      | safid the Minotaur Hunter began the quest for the Orb.
     0 | D:1      | Reached XP level 1. HP: 18/18 MP: 0/0
   349 | D:1      | Reached XP level 2. HP: 26/26 MP: 1/1
   474 | D:1      | Found a faded altar of an unknown god.
   899 | D:2      | Reached skill level 5 in Ranged Weapons
   899 | D:2      | Reached XP level 3. HP: 31/31 MP: 2/2
  1666 | D:3      | Reached XP level 4. HP: 33/40 MP: 3/3
  1806 | D:3      | Found a glowing drain.
  1831 | Sewer    | Entered a sewer
  2134 | Sewer    | Reached XP level 5. HP: 47/47 MP: 4/4
  2266 | Sewer    | Reached skill level 5 in Fighting
  2266 | Sewer    | Reached skill level 6 in Ranged Weapons
  2701 | D:3      | Found a radiant altar of Vehumet.
  2744 | D:3      | Found a hazy altar of Hepliaklqana.
  2812 | D:3      | Found a stormy altar of Qazlal.
  3290 | D:4      | Found a staircase to the Ecumenical Temple.
  3297 | D:4      | Reached XP level 6. HP: 56/57 MP: 5/5
  3306 | Temple   | Entered the Ecumenical Temple
  3315 | Temple   | Became a worshipper of Warmaster Okawaru
  4083 | D:4      | Noticed a wyvern
  4089 | D:4      | Reached skill level 7 in Ranged Weapons
  4121 | D:4      | Slain by a wyvern

Illustrated notes

Levels and vault maps discovered:
D:1:      heliophobic_arrival_ceremonial_halls, layout_loops_ring,
          ebering_ecumenical_altar_hall
D:2:      layout_basic, roderic_lattice_a
D:3:      layout_basic, mainiacjoe_overflow_catwalk,
          mainiacjoe_overflow_large_starburst, portal_sewer_entry_a, hex_tiny
D:4:      minmay_chambers_of_fours, layout_cave_pools,
          minmay_temple_entry_wispy, st_stairs_5, hangedman_decor_push,
          hangedman_abyss_or_decor_jellyfish_corner
Temple:   eino_temple_lava

Skill      XL: |  1  2  3  4  5  6 |
---------------+-------------------+-----
Fighting       | 3 4 5 6 |  6.4
Ranged Weapons | 5 6 7 |  7.1
Dodging        | |  2.1
Stealth        | |  0.7

Action                   |  1- 3 |  4- 6 || total
-------------------------+-------+-------++-------
 Fire: Shortbow          |   114 |   180 ||   294
  Use: Potion            |       |     1 ||     1
Armor: Scale mail        |    44 |    53 ||    97
Dodge: Dodged            |    35 |    61 ||    96
Block: Other             |       |    31 ||    31
